 Seeded DCSS version 0.30.1-4-g462c640d31 (webtiles) character file.

Game seed: 6351066067085065685 (custom seed)

2 Esekla the Magician (level 1, -1/10 HPs)
             Began as a Deep Elf Wanderer on Sept 12, 2023.
             Slain by a ball python (2 damage)
             ... on level 1 of the Dungeon.
             The game lasted 00:02:34 (174 turns).

Esekla the Magician (Deep Elf Wanderer)              Turns: 174, Time: 00:02:35

Health: -1/10      AC:  2    Str: 11    XL:     1   Next: 25%
Magic:  6/7        EV: 10    Int: 17    God:
Gold:   0          SH:  3    Dex: 11    Spells: 6/8 levels left

rFire   . . .        a - +0 short sword
rCold   . . .        d - +0 buckler
rNeg    . . .        c - +0 robe
rPois   .            (no helmet)
rElec   .            (no cloak)
rCorr   .            (no gloves)
SInv    .            (no boots)
Will    .....        (no amulet)
Stlth   ++           (no ring)
HPRegen 0.21/turn    (no ring)
MPRegen 0.10/turn

%: no passive effects
@: no status effects
A: no striking features
a: no special abilities


You were on level 1 of the Dungeon.
You visited 1 branch of the dungeon, and saw 1 of its levels.

Inventory:

Hand Weapons
 a - a +0 short sword (weapon)
Armour
 c - a +0 robe (worn)
 d - a +0 buckler (worn)
Scrolls
 g - a scroll of identify {unknown}
Potions
 b - a potion of lignification
 e - a potion of ambrosia {unknown}
 f - a potion of attraction {unknown}
 h - a potion of heal wounds {unknown}


   Skills:
 + Level 1.2 Stealth
 + Level 1.5 Shields
 * Level 4.4 Spellcasting
 + Level 2.3 Translocations
 + Level 1.0 Invocations


You had 6 spell levels left.
You knew the following spells:

 Your Spells              Type           Power      Damage    Failure   Level
a - Magic Dart            Conj           12%        1d3       22%         1
p - Apportation           Tloc           22%        N/A       9%          1

Your spell library contained the following spells:

 Spells                   Type           Power      Damage    Failure   Level
 Blink                    Tloc           22%        N/A       13%         2
 Lesser Beckoning         Tloc           22%        N/A       13%         2
 Ignite Poison            Fire/Tmut/Pois 3%         N/A       54%         3
 Vampiric Draining        Necr           3%         2d6       54%         3


Dungeon Overview and Level Annotations

Branches:
Dungeon (1/15)

Altars:


Message History

Found a runed orb and a bubbling green potion.
The frilled lizard hisses angrily.
The goblin hits you with a +0 club.
A ball python and 2 bats come into view.
You block the bat's attack. The goblin hits you but does no damage.
The bat hits you but does no damage. The goblin attacks as you move away!
The goblin hits you with a +0 club. You block the bat's attack.
The bat completely misses you.
As you read the scroll labelled QOIXKOT YTEE, it crumbles to dust.
You assume a fearsome visage.
The ball python looks frightened!
The goblin looks frightened!
The bat looks frightened! x2
The endoplasm looks frightened!
It was a scroll of fear.
The goblin tries to recover its lost courage.
The goblin begs, "Why can't we all just get along?"
The endoplasm jiggles.
A ball python comes into view.
Found a stone staircase leading down.
Cornered, the goblin turns to fight!
You see here a bubbling green potion.
f - a bubbling green potion The ball python hisses angrily.
The bat closely misses you. The bat hits you but does no damage.
The bat attacks as you move away! The bat closely misses you.
The ball python bites you but does no damage.
You block the ball python's attack. The bat hits you but does no damage.
The ball python bites you. The ball python closely misses you.
The bat seems to regain its courage.
The bat hits you.
* * * LOW HITPOINT WARNING * * *
The bat hits you.
* * * LOW HITPOINT WARNING * * *
The bat attacks as you move away! The bat closely misses you. x2
The bat closely misses you. The ball python closely misses you.
The ball python barely misses you. The bat attacks as you move away!
The bat hits you.
* * * LOW HITPOINT WARNING * * *
The bat closely misses you. The ball python bites you.
* * * LOW HITPOINT WARNING * * *
The ball python closely misses you.
There is a stone staircase leading down here.
The ball python bites you.
You die...

##......## #....#
....##..########..#
....#............##
.J....#.##########
###......##
..#.#..b..#########
....#.......#.....#
#J..#....##...bS..#
#.[.....####...@.#
##........g.l....#
#.#.....###.....#
#.#....## #######
#...g..# #.#....#
########


You could see a goblin, a bat, a ball python and a frilled lizard.

Vanquished Creatures
  A ball python (D:1)
  A kobold (D:1)
2 creatures vanquished.

Notes
Turn   | Place    | Note
-------+----------+-------------------------------------------
     0 | D:1      | Esekla the Deep Elf Wanderer began the quest for the Orb.
     0 | D:1      | Esekla set off with the following items: a +0 club, a
                  | potion of lignification, a +0 robe, a +0 buckler; and the
                  | following spells available to memorise: Apportation, Blink,
                  | Lesser Beckoning, Magic Dart, Ignite Poison, Vampiric
                  | Draining.
     0 | D:1      | Reached XP level 1. HP: 10/10 MP: 7/7
     2 | D:1      | Learned a level 1 spell: Magic Dart
     4 | D:1      | Learned a level 1 spell: Apportation
   174 | D:1      | Slain by a ball python

Illustrated notes

Levels and vault maps discovered:
D:1:      sevenhm_arrival_forest_fort_small_3, layout_rooms,
          chequers_serial_rivers_room_b, minmay_misc_feat_five

Action                     || total
---------------------------++-------
  Melee: Short sword       ||    10
   Cast: Apportation       ||     4
         Magic Dart        ||     2
    Use: Scroll            ||     1
 Armour: Robe              ||     8
  Dodge: Dodged            ||    16
  Block: Buckler           ||     3
